 Dungeon Crawl Stone Soup version 0.24-a0-235-g3f03afc (webtiles) character file.

Game seed: 7847074553731882528

95 MatthieuS the Grave Robber (level 4, 0/33 HPs)
             Began as a Demonspawn Necromancer on Apr 5, 2019.
             Slain by a gnoll shaman
             ... wielding a +0 club
              (8 damage)
             ... on level 4 of the Dungeon.
             The game lasted 00:06:37 (3264 turns).

MatthieuS the Grave Robber (Demonspawn Necromancer) Turns: 3264, Time: 00:06:38

Health: 0/33       AC:  3    Str:  9    XL:     4   Next: 39%
Magic:  5/8        EV: 11    Int: 17    God:
Gold:   217        SH:  0    Dex: 13    Spells: 3/8 levels left

rFire    . . .     SeeInvis .   b - +0 dagger (venom)
rCold    . . .     Gourm    .   (no shield)
rNeg     . . .     Faith    .   c - +0 leather armour
rPois    .         Spirit   .   (helmet restricted)
rElec    .         Reflect  .   (no cloak)
rCorr    .         Harm     .   (no gloves)
MR       .....                  (no boots)
Stlth    ++........             (no amulet)
HPRegen  0.11/turn              (no ring)
MPRegen  0.11/turn              (no ring)

@: no status effects
A: antennae 1, claws 1, talons 1
a: no special abilities


You were on level 4 of the Dungeon.
You were not hungry.

You visited 1 branch of the dungeon, and saw 4 of its levels.

You collected 217 gold pieces.

Inventory:

Hand Weapons
 b - a +0 dagger of venom (weapon)
   (You found it on level 1 of the Dungeon)
Armour
 c - a +0 leather armour (worn)
   (You found it on level 2 of the Dungeon)
Wands
 d - a wand of iceblast (7)
   (You found it on level 3 of the Dungeon)
 t - a wand of flame (9)
   (You found it on level 2 of the Dungeon)
Scrolls
 g - 2 scrolls of enchant weapon {unknown}
 j - 2 scrolls of teleportation {unknown}
 k - 3 scrolls of fog {unknown}
 l - a scroll of fear {unknown}
 m - a scroll of remove curse {unknown}
 n - a scroll of magic mapping {unknown}
 o - a scroll of identify {unknown}
 p - a scroll of blinking {unknown}
 r - a scroll of noise {unknown}
 u - a scroll of immolation {unknown}
Potions
 a - 3 potions of curing {@q1}
 f - a potion of degeneration {unknown}
 h - a potion of might {unknown}
 i - a potion of lignification {unknown}
 q - a potion of heal wounds {unknown}
 s - a potion of flight {unknown}
Comestibles
 e - 7 rations


   Skills:
 + Level 1.6 Fighting
 + Level 1.5 Short Blades
 - Level 1.7 Dodging
 - Level 1.7 Stealth
 + Level 2.8 Spellcasting
 + Level 5.0 Necromancy


You had 3 spell levels left.
You knew the following spells:

 Your Spells              Type           Power        Failure   Level  Hunger
a - Pain                  Necr           ###.         3%          1    #......
q - Vampiric Draining     Necr           ###.......   10%         3    ###....
z - Animate Skeleton      Necr           N/A          3%          1    #......

Your spell library contained the following spells:

 Spells                   Type           Power        Failure   Level  Hunger
 Freeze                   Ice            #...         26%         1    #......
 Regeneration             Chrm/Necr      ##........   26%         3    ###....
 Throw Frost              Conj/Ice       #.....       36%         2    ##.....
 Ozocubu's Armour         Chrm/Ice       #.......     58%         3    ###....
 Animate Dead             Necr           N/A          30%         4    #####..
 Summon Ice Beast         Ice/Summ       #.......     94%         4    #####..
 Throw Icicle             Conj/Ice       #.......     94%         4    #####..


Dungeon Overview and Level Annotations

Branches:
Dungeon (4/15)
 Temple: D:4-7

Altars:
Gozag
Nemelex Xobeh
Xom


Innate Abilities, Weirdness & Mutations

You have a pair of small antennae on your head.
You have sharp fingernails.
You have sharp toenails.


Message History

You are poisoned.
The adder poisons you!
You barely miss the adder. Your kick misses the adder.
You feel sick. The adder closely misses you.
You miss the adder. Your kick misses the adder. The adder bites you.
You completely miss the adder.
You feel sick. The adder bites you but does no damage.
You hit the adder.
You kill the adder!
No target in view!
No target in view!
You see here an adder corpse.
You attempt to give life to the dead...
Before your eyes, flesh is ripped from the corpse!
The dead are slithering!
v - a chunk of flesh You feel sick.
You start resting.
Eating a chunk of flesh.
You eat the chunk of flesh.
You feel sick.
You start resting.
You feel sick. x2
You are no longer poisoned.
You start resting.
A gnoll comes into view. It is wielding a +0 halberd.
The gnoll shaman shouts!
There are monsters nearby!
A gnoll comes into view. It is wielding a +0 whip.
Aim: a gnoll shaman, wielding a +0 club and wearing a +0 robe (chance to defeat MR: 78%)
The gnoll shaman writhes in agony!
The gnoll shouts! x2
Aim: a gnoll shaman, wielding a +0 club and wearing a +0 robe (moderately wounded, chance to defeat MR: 78%)
The gnoll shaman barely resists.
Aim: a gnoll shaman, wielding a +0 club and wearing a +0 robe (moderately wounded, chance to defeat MR: 78%)
The gnoll shaman writhes in agony!
The gnoll shaman hits you with a +0 club.
You closely miss the gnoll shaman.
You claw the gnoll shaman, but do no damage.
Your adder skeleton barely misses the gnoll shaman.
The gnoll hits you from afar with a +0 halberd!
Ouch! That really hurt!
* * * LOW HITPOINT WARNING * * *
The gnoll shaman hits you with a +0 club!
* * * LOW HITPOINT WARNING * * *
Your adder skeleton misses the gnoll shaman.
The gnoll completely misses your adder skeleton.
Your adder skeleton bites the gnoll shaman.
The gnoll hits your adder skeleton with a +0 halberd!
Your adder skeleton is destroyed!
It was a potion of curing.
You feel better.
The gnoll shaman hits you with a +0 club!
You die...

.......## ##..####
#........##
##......#
#.........#
###..####g.gg
#.........## ##...##
##g #.........#
##...## #........<#
##..### ##
#.........# ###..##
.##
#........###...##
..###........##g@.##
#...##......##..###
###..##....#.gg## #
##.....##...##
###..##...##
##.....## ###.###
#..$....# ........S#


You could see a gnoll shaman and 2 gnolls.

Vanquished Creatures
  3 gnolls (D:4)
  2 adders
  A shadow imp (D:4)
  A dart slug (D:1)
  An orc (D:3)
  A bat (D:3)
  4 giant cockroaches
  4 goblins
  3 hobgoblins
  3 jackals (D:2)
  5 kobolds
  3 frilled lizards
  6 rats
37 creatures vanquished.

Vanquished Creatures (collateral kills)
  A hobgoblin (D:1)
  A kobold (D:2)
2 creatures vanquished.

Grand Total: 39 creatures vanquished

Notes
Turn   | Place    | Note
-------+----------+-------------------------------------------
     0 | D:1      | MatthieuS the Demonspawn Necromancer began the quest for
                  | the Orb.
     0 | D:1      | Reached XP level 1. HP: 13/13 MP: 3/3
   263 | D:1      | Learned a level 1 spell: Animate Skeleton
   310 | D:1      | Gained mutation: You have a pair of small antennae on your
                  | head. [demonic ancestry]
   310 | D:1      | Reached XP level 2. HP: 9/19 MP: 5/5
  1179 | D:2      | You fall through a shaft!
  1217 | D:2      | Found a shimmering altar of Xom.
  1218 | D:2      | Found a shimmering altar of Xom.
  1227 | D:2      | Found a shimmering altar of Xom.
  1228 | D:2      | Found a shimmering altar of Xom.
  1228 | D:2      | Found a shimmering altar of Xom.
  1229 | D:2      | Found a shimmering altar of Xom.
  1336 | D:2      | Gained mutation: You have sharp toenails. [demonic
                  | ancestry]
  1336 | D:2      | Reached XP level 3. HP: 6/25 MP: 4/6
  1568 | D:2      | Found a sparkling altar of Nemelex Xobeh.
  1710 | D:2      | Found an opulent altar of Gozag.
  1729 | D:2      | Reached skill level 1 in Fighting
  2456 | D:3      | Learned a level 3 spell: Vampiric Draining
  2561 | D:3      | Reached skill level 1 in Short Blades
  2718 | D:4      | Reached skill level 5 in Necromancy
  2718 | D:4      | Gained mutation: You have sharp fingernails. [demonic
                  | ancestry]
  2718 | D:4      | Reached XP level 4. HP: 8/32 MP: 0/8
  3264 | D:4      | Slain by a gnoll shaman

Levels and vault maps discovered:
D:1:      lemuel_arrival_river_bridge, layout_basic, hangedman_decor_points
D:2:      layout_loops_corners, lemuel_coloured_pillars_altar,
          nicolae_gozag_cash_rules_everything_around_me, xom_redecorated
D:3:      layout_rooms, serial_park_tiny_1
D:4:      layout_cave_pods

Skill      XL: |  1  2  3 |
---------------+----------+-----
Fighting       | 1 |  1.6
Short Blades   | 1 |  1.5
Necromancy     | 5 |  5.0
Dodging        | |  1.7
Stealth        | |  1.7
Spellcasting   | |  2.8

Action                   |  1- 3 |  4- 6 || total
-------------------------+-------+-------++-------
Melee: Dagger            |    69 |    23 ||    92
       Kick              |     5 |     7 ||    12
 Cast: Pain              |    12 |     3 ||    15
       Animate Skeleton  |    15 |     1 ||    16
  Use: Potion            |       |     1 ||     1
 Stab: Sleeping          |     7 |       ||     7
  Eat: Chunk             |     6 |     1 ||     7
Armor: Leather armour    |     6 |     5 ||    11
       Robe              |     4 |       ||     4
Dodge: Dodged            |    57 |    16 ||    73

Table legend:
 A = Non-vault XP
 B = Vault XP
 C = Vault XP percentage of total XP
 D = Non-vault monster count
 E = Vault monster count
 F = Vault count percentage of total count
                 A         B        C        D         E       F
            +---------+---------+-------+---------+---------+-------
      Total |     136 |       0 |   0.0 |      39 |       0 |   0.0
            +---------+---------+-------+---------+---------+-------
        D:1 |      30 |       0 |   0.0 |      18 |       0 |   0.0
        D:2 |      13 |       0 |   0.0 |       9 |       0 |   0.0
        D:3 |      25 |       0 |   0.0 |       7 |       0 |   0.0
        D:4 |      68 |       0 |   0.0 |       5 |       0 |   0.0
            +---------+---------+-------+---------+---------+-------
